Map: Acropolis LE

Players

xorr

  • Race: Protoss Protoss
  • League: Diamond
  • Spawn Location: 11:00

Mez - Winner!

  • Race: Terran Terran
  • League: Master
  • Spawn Location: 5:00

VOD

Have the link to the VOD?

Description

Time

  • Played on: Aug. 11, 2019, 8:34 p.m.
  • Length: 9:32
Show
View Real Time Build Order
Export as new Build Order

xorr Protoss 

Build Orders: Phoenix Opening, Colossus Rush 

Get SALT Encoding   

  12  0:00  Probe  
  13  0:12  Probe  
  14  0:26  Pylon  
  14  0:28  Probe  
  15  0:43  Probe  
  15  0:47  Gateway  
  16  0:50  Assimilator  
  16  0:51  Probe  
  17  0:59  Probe  
  18  1:14  Probe  
  19  1:19  Assimilator  
  19  1:25  Zealot  
  19  1:27  Probe  
  22  1:42  Probe, Cybernetics Core  
  23  1:50  Pylon  
  23  2:08  Probe  
  24  2:12  Stalker  
  23  2:17  Nexus  
  25  2:43  Probe  
  26  2:53  Stalker  
  26  3:12  Probe  
  27  3:14  Stargate  
  27  3:16  Robotics Facility  
  27  3:18  Stargate  
  27  3:21  Forge  
  27  3:26  Probe  
  28  3:30  Probe  
  29  3:39  Shield Battery  
  29  3:41  Probe  
  29  3:42  Probe  
  31  3:50  Phoenix  
  31  3:53  Probe  
  31  3:54  Probe  
  34  4:09  Probe x2  
  34  4:17  Phoenix  
  34  4:18  Probe x2  
  34  4:20  Observer  
  39  4:26  Probe x2  
  41  4:36  Probe x2  
  41  4:39  Phoenix  
  45  4:48  Probe, Robotics Bay  
  45  4:51  Pylon  
  46  4:55  Assimilator  
  46  5:03  Photon Cannon  
  46  5:08  Probe  
  46  5:09  Pylon  
  46  5:12  Probe  
  46  5:13  Assimilator  
  48  5:16  Probe  
  49  5:24  Probe  
  49  5:25  Pylon  
  49  5:26  Probe  
  49  5:27  Pylon  
  48  5:29  Extended Thermal Lance  
  48  5:32  Colossus  
  49  5:36  Probe  
  49  5:39  Probe  
  51  5:48  Probe  
  58  5:51  Probe  
  58  5:55  Photon Cannon  
  59  6:00  Photon Cannon, Protoss Ground Weapons Level 1  
  59  6:05  Probe, Shield Battery  
  59  6:07  Probe  
  61  6:17  Photon Cannon  
  61  6:18  Probe  
  62  6:23  Shield Battery  
  62  6:24  Probe  
  63  6:28  Pylon  
  63  6:32  Phoenix  
  65  6:35  Phoenix  
  65  6:37  Probe  
  65  6:38  Probe  
  65  6:39  Colossus  
  69  6:49  Probe  
  69  6:54  Shield Battery  
  76  6:56  Probe  
  77  7:02  Phoenix  
  77  7:06  Probe  
  77  7:08  Probe  
  81  7:16  Pylon  
  81  7:18  Probe  
  81  7:20  Probe  
  83  7:30  Probe  
  83  7:31  Phoenix  
  83  7:34  Colossus, Phoenix  
  94  7:47  Pylon  
  94  7:49  Probe x2  
  90  7:56  Phoenix  
  92  7:59  Phoenix  
  94  8:05  Probe  
  94  8:06  Probe  
  96  8:14  Phoenix, Nexus  
  96  8:15  Fleet Beacon  
  96  8:16  Pylon  
  96  8:18  Pylon  
  98  8:27  Probe x2  
  100  8:34  Shield Battery  
  100  8:37  Photon Cannon  
  100  8:40  Photon Cannon  
  100  8:42  Phoenix  
Show
View Real Time Build Order
Export as new Build Order

Mez Terran - Winner!

Build Orders: Reaper Expand 

Get SALT Encoding   

  12  0:00  SCV  
  13  0:13  SCV  
  14  0:17  Supply Depot  
  14  0:25  SCV  
  15  0:38  SCV  
  15  0:40  Barracks  
  16  0:45  Refinery  
  16  0:51  SCV  
  17  1:03  SCV  
  18  1:15  SCV  
  19  1:30  Reaper, Orbital Command  
  20  1:41  Command Center  
  20  1:53  Bunker  
  20  1:57  SCV  
  21  2:10  Barracks Reactor, Supply Depot  
  21  2:13  SCV  
  22  2:40  Command Center  
  22  2:45  Marine  
  22  2:47  Marine  
  23  3:03  Marine  
  23  3:05  Marine  
  25  3:06  SCV  
  25  3:10  Factory, Refinery  
  25  3:21  Marine  
  25  3:22  SCV  
  25  3:24  Marine  
  28  3:34  SCV  
  28  3:37  Orbital Command  
  29  3:43  Marine x2  
  29  3:46  SCV  
  32  3:58  SCV  
  32  4:00  Widow Mine  
  32  4:01  Marine x2  
  37  4:03  Starport  
  37  4:04  SCV  
  37  4:06  SCV  
  39  4:10  SCV  
  39  4:17  SCV  
  40  4:20  Orbital Command  
  40  4:24  Widow Mine, Marine x2  
  42  4:29  Supply Depot  
  42  4:30  Refinery, SCV  
  45  4:32  SCV  
  46  4:45  Starport Tech Lab  
  46  4:49  Widow Mine, SCV x2  
  46  4:52  SCV  
  51  4:56  Marine x2  
  53  5:01  Supply Depot  
  53  5:03  SCV x2  
  53  5:04  Raven  
  57  5:09  Barracks  
  57  5:11  SCV  
  58  5:14  Factory Tech Lab  
  58  5:15  SCV  
  58  5:16  Barracks  
  58  5:19  SCV, Marine x2  
  62  5:23  SCV, Supply Depot  
  63  5:33  Engineering Bay  
  63  5:34  Engineering Bay  
  61  5:40  Marine x2  
  61  5:41  SCV x2  
  64  5:45  Factory Reactor  
  64  5:49  Refinery  
  63  5:52  Barracks  
  63  5:53  Barracks  
  63  5:54  Orbital Command  
  63  6:00  SCV x2, Starport Reactor  
  63  6:01  Terran Infantry Armor Level 1, Terran Infantry Weapons Level 1  
  65  6:04  Missile Turret  
  65  6:08  Supply Depot  
  65  6:11  Stimpack  
  65  6:12  SCV x2  
  67  6:19  Missile Turret  
  67  6:24  SCV x3  
  70  6:28  Marauder x2  
  70  6:29  Combat Shield  
  70  6:31  Marine  
  75  6:35  Widow Mine x2  
  75  6:36  SCV  
  75  6:37  SCV x2  
  82  6:45  Missile Turret  
  82  6:47  Barracks Tech Lab  
  82  6:48  Barracks Reactor, SCV  
  82  6:49  SCV x2  
  85  7:00  SCV  
  86  7:01  SCV  
  86  7:04  Marine, Marauder x2, Supply Depot  
  86  7:05  Supply Depot  
  86  7:07  Supply Depot x2  
  92  7:10  SCV  
  93  7:22  SCV  
  93  7:23  Armory  
  93  7:24  SCV  
  93  7:28  Medivac x2  
  93  7:29  Widow Mine x2  
  101  7:32  Marine x4, Marauder x2  
  101  7:34  Marine  
  101  7:35  SCV x2  
  112  7:43  Supply Depot  
  112  7:44  Supply Depot  
  112  7:45  Supply Depot  
  112  7:48  SCV x2  
  112  7:49  Marine, Supply Depot  
  112  7:51  Widow Mine x2, SCV  
  119  7:52  Marauder  
  119  7:53  Marauder  
  119  7:57  Marine  
  119  7:58  Marine x2, Marauder  
  125  8:05  SCV x3  
  128  8:06  Refinery, Medivac  
  128  8:07  Marine, Medivac  
  133  8:13  Concussive Shells  
  133  8:14  Marauder  
  133  8:17  SCV x3  
  133  8:19  Supply Depot  
  140  8:20  Marine x2, Marauder x2  
  144  8:30  SCV, Ghost Academy  
  144  8:31  SCV x2  
  144  8:32  Supply Depot  
  144  8:33  Supply Depot  
  147  8:34  Starport  
  147  8:35  Refinery  
  147  8:43  SCV  
  136  9:10  Marine x4, Marauder x3  
  141  9:26  Barracks x2  
  141  9:27  Barracks  
Tags
 
Add a new tag
Caveats
  • Supply blocks, unpowered buildings, or Contaminate may cause inaccurate times.
  • Supply counts are checked every 10 seconds.